 Dungeon Crawl Stone Soup version 0.31-a0-1147-g46bab52692 (webtiles) character file.

Game seed: 14207487895265832961

21469 Malachi the Contemplative (level 12, -1/97 HPs)
             Began as a Demonspawn Gladiator on Dec 7, 2023.
             Was a Priest of Cheibriados.
             Killed from afar by a storm dragon (23 damage)
             ... with a bolt of lightning
             ... on level 11 of the Dungeon.
             The game lasted 00:17:29 (12843 turns).

Malachi the Contemplative (Demonspawn Gladiator)   Turns: 12843, Time: 00:17:30

Health: -1/97      AC: 19    Str: 23    XL:     12   Next: 54%
Magic:  19/23      EV: 21    Int: 17    God:    Cheibriados [***...]
Gold:   261        SH:  5    Dex: 33    Spells: 11/11 levels left

rFire   . . .        a - +1 rapier
rCold   . . .        (no shield)
rNeg    . . .        b - +3 ring mail of the Untouchables {Dex+6}
rPois   +            c - +1 helmet
rElec   .            F - +1 cloak
rCorr   .            (no gloves)
SInv    .            w - +0 pair of boots
Will    .....        y - amulet of reflection
Stlth   ++++         s - ring of poison resistance
HPRegen 0.36/turn    G - +5 ring of evasion
MPRegen 0.18/turn

%: reflection
@: sanguine armoured, very slow
A: spiny 2, sanguine armour 1, demonic magic 2, demonic touch 1
a: Renounce Religion, Bend Time, Temporal Distortion


You were on level 11 of the Dungeon.
You worshipped Cheibriados.
Cheibriados was most pleased with you.
You visited 1 branch of the dungeon, and saw 13 of its levels.
You also visited: Sewer.

You collected 591 gold pieces.
You spent 330 gold pieces at shops.

Inventory:

Hand Weapons
 a - a +1 rapier (weapon)
 l - a +3 dagger
 E - a +0 short sword of distortion
 N - the +10 morningstar of Wu Jian's Grace {protect, Fly SInv}
   (You found it on level 11 of the Dungeon)

   SInv:      It lets you see invisible.
   Fly:       It grants you flight.
Missiles
 d - 4 throwing nets (quivered)
 e - 3 javelins
 h - 6 curare-tipped darts
 i - 8 boomerangs
Armour
 b - the +3 ring mail of the Untouchables (worn) {Dex+6}
   (You found it on level 4 of the Dungeon)

   Dex+6:     It affects your dexterity (+6).
 c - a +1 helmet (worn)
 w - a +0 pair of boots (worn)
 F - a +1 cloak (worn)
 H - +1 ice dragon scales
Jewellery
 s - a ring of poison resistance (left hand)
 y - an amulet of reflection (around neck)
 G - a +5 ring of evasion (right hand)
 M - an amulet of the acrobat
Wands
 n - a wand of paralysis (32)
 t - a wand of digging (2)
 A - a wand of polymorph (31)
 C - a wand of mindburst (5)
 D - a wand of flame (25)
Scrolls
 f - 5 scrolls of blinking
 o - 6 scrolls of teleportation
 p - 3 scrolls of amnesia
 q - 3 scrolls of fear
 r - 2 scrolls of revelation
 u - 6 scrolls of fog
 v - a scroll of summoning
 z - 2 scrolls of vulnerability
 K - 3 scrolls of identify
Potions
 g - 4 potions of heal wounds
 j - 2 potions of might
 k - 2 potions of enlightenment
 m - a potion of attraction
 x - 2 potions of curing
 B - 4 potions of lignification
 I - a potion of invisibility
 J - a potion of mutation
 L - 3 potions of ambrosia
 O - a potion of resistance {unknown}


   Skills:
 - Level 10.0 Fighting
 + Level 11.9 Short Blades
 - Level 1.7 Throwing
 + Level 4.7 Dodging
 + Level 6.0 Stealth
 + Level 15.3 Invocations


You had 11 spell levels left.
You didn't know any spells.
Your spell library contained the following spells:

 Spells                   Type           Power      Damage    Failure   Level
 Magic Dart               Conj           0%         1d3       36%         1
 Blink                    Tloc           0%         N/A       50%         2
 Call Imp                 Summ           0%         N/A       50%         2
 Cigotuvi's Dreadful Rot  Necr/Pois/Air  0%         N/A       50%         2
 Lesser Beckoning         Tloc           0%         N/A       50%         2
 Momentum Strike          Conj/Tloc      0%         3d8       50%         2
 Gell's Gravitas          Tloc           0%         N/A       75%         3
 Inner Flame              Hex/Fire       0%         N/A       75%         3
 Mephitic Cloud           Conj/Pois/Air  0%         N/A       75%         3
 Teleport Other           Tloc           0%         N/A       75%         3
 Dispel Undead            Necr           0%         3d6       98%         4
 Manifold Assault         Tloc           0%         N/A       98%         4
 Yara's Violent Unravell  Hex/Tmut       0%         3d3       100%        5
 Death Channel            Necr           0%         N/A       100%        6
 Dispersal                Tloc           0%         N/A       100%        6
 Enfeeble                 Hex            0%         N/A       100%        7


Dungeon Overview and Level Annotations

Branches:
Dungeon (13/15)            Temple (0/1) D:7            Lair (0/5) D:8
    Orc (0/2) D:10          Sewer (visited)
 Vaults: D:13-14

Altars:
Cheibriados
Yredelemnul

Shops:
D:9 !:


Innate Abilities, Weirdness & Mutations

You are mostly covered in sharp spines.
When seriously injured, your blood forms armour. (AC +6)
Spells you cast may paralyse nearby enemies.
Your touch may inflict minor irresistible damage on your foes.


Message History

Unknown command.
You closely miss the storm dragon.
The storm dragon is moderately wounded.
The storm dragon closely misses you.
The storm dragon claws you but does no damage.
The storm dragon tramples you but does no damage.
You hit the storm dragon but do no damage.
The storm dragon is moderately wounded.
The storm dragon misses you. The storm dragon closely misses you.
The storm dragon tramples you but does no damage.
You puncture the storm dragon!
The storm dragon is heavily wounded.
The storm dragon bites you.
The storm dragon claws you but does no damage.
You block the storm dragon's attack.
You hit the storm dragon but do no damage.
You touch the storm dragon!
The storm dragon is heavily wounded.
You puncture the storm dragon!
The storm dragon is heavily wounded.
The storm dragon is struck by your spines.
The storm dragon completely misses you. You block the storm dragon's attack.
The storm dragon closely misses you.
You puncture the storm dragon!
The storm dragon is severely wounded.
The storm dragon breathes lightning at you.
The bolt of lightning misses you. The bolt of lightning hits you!!
Your blood congeals into armour.
The bolt of lightning hits the storm dragon.
The storm dragon completely resists.
You hit the storm dragon.
The storm dragon is almost dead.
You hit the storm dragon but do no damage.
You touch the storm dragon!
The storm dragon is almost dead.
The storm dragon breathes lightning at you.
The bolt of lightning hits you!!
* * * LOW HITPOINT WARNING * * *
The bolt of lightning hits you!!
You die...

## ##.#.#)#.#...#.###....##.....
## #..###.#.#.####÷÷####.#######
.# #.## #.#.#.#)..######.# .#
##.# ###.######....##.# .###..#
#.#)....######.# .#...##
#########....#.# .#.### .}#|#
#.##.#.# .#.# ### .### #.##.#.#
...# #@# #.##.#.####### ..## ##
#D###.##.#......^. ..# ##.#
#.#.#.##.#.####### ..# ##.#
###.#.#..##.#########
..####..#####.#.#†#..##...[......
>.............#.####.############
#############.#. ...
...##########.## #.##
##(##.......#.# #.#


You could see a storm dragon (catching breath).

Vanquished Creatures
  3 centaur warriors
  2 two-headed ogres
  A death knight (D:11)
  The ghost of Ivernyr the Cruncher, a novice FoFi of Wu Jian (D:9)
  Sonja (D:12)
  A deep elf zephyrmancer (D:11)
  3 ugly things (D:8)
  2 deep elf pyromancers
  A manticore (D:12)
  Maurice (D:8)
  A cane toad (shapeshifter) (D:8)
  2 unseen horrors
  A yaktaur (D:11)
  5 trolls
  Sigmund (D:5)
  2 wyverns
  39 yaks
  4 hogs (D:10)
  2 wraiths
  A human (D:10)
  A steam dragon (D:9)
  2 vampire mosquitoes (D:12)
  Menkaure (D:5)
  An acid dragon (D:9)
  A water moccasin (D:6)
  An ice beast (D:7)
  2 sky beasts (D:7)
  A black bear (D:7)
  6 orc warriors
  3 ogres
  2 kobold brigands
  2 bullfrogs
  3 scorpions
  4 killer bees (D:8)
  3 electric eels
  A howler monkey (D:11)
  3 hounds
  4 jellies
  5 orc priests
  2 sleepcaps
  4 iguanas
  10 orc wizards
  A hell rat (Sewer)
  10 gnolls
  9 adders
  4 river rats (Sewer)
  2 shadow imps
  A white imp (D:5)
  2 worms
  A dart slug (D:4)
  43 orcs
  6 endoplasms
  5 giant cockroaches
  6 goblins
  10 hobgoblins
  12 jackals
  2 kobolds (D:3)
  A quokka (D:3)
  9 ball pythons
  5 bats
  5 frilled lizards
  10 rats
280 creatures vanquished.

Vanquished Creatures (others)
  A sphinx (D:11)
1 creature vanquished.

Grand Total: 281 creatures vanquished

Notes
Turn   | Place    | Note
-------+----------+-------------------------------------------
     0 | D:1      | Malachi the Demonspawn Gladiator began the quest for the
                  | Orb.
     0 | D:1      | Reached XP level 1. HP: 16/16 MP: 1/1
   174 | D:1      | Gained mutation: Spells you cast may paralyse adjacent
                  | enemies. [demonic ancestry]
   174 | D:1      | Reached XP level 2. HP: 9/22 MP: 2/2
   626 | D:1      | Found a faded altar of an unknown god.
   626 | D:1      | Noticed an eye of devastation
   629 | D:1      | Noticed a glass eye
   636 | D:1      | Noticed a glass eye
   636 | D:1      | Noticed a glass eye
  1059 | D:1      | Prayed at the altar of an unknown god.
  1059 | D:1      | Became a worshipper of Cheibriados the Contemplative
  1059 | D:1      | Reached * piety under Cheibriados
  1263 | D:2      | Reached XP level 3. HP: 27/27 MP: 3/3
  2034 | D:3      | Reached ** piety under Cheibriados
  2115 | D:3      | Reached XP level 4. HP: 25/34 MP: 4/4
  2887 | D:4      | Reached skill level 1 in Invocations
  2887 | D:4      | Reached XP level 5. HP: 38/41 MP: 5/5
  2906 | D:4      | Found a glowing drain.
  2915 | D:4      | Reached *** piety under Cheibriados
  2918 | D:4      | Identified the +3 ring mail of the Untouchables {Dex+6}
  2940 | Sewer    | Entered a sewer
  3019 | Sewer    | Reached skill level 2 in Invocations
  3854 | D:4      | Gained mutation: Your touch may inflict minor irresistible
                  | damage on your foes. [demonic ancestry]
  3854 | D:4      | Reached XP level 6. HP: 44/48 MP: 8/8
  3860 | D:4      | Reached skill level 3 in Invocations
  3899 | D:4      | Reached skill level 5 in Short Blades
  4237 | D:5      | Entered Level 5 of the Dungeon
  4258 | D:5      | Reached skill level 4 in Invocations
  4374 | D:5      | Noticed Menkaure
  4378 | D:5      | Killed Menkaure
  4379 | D:5      | Gained mutation: You are partially covered in sharp spines.
                  | [demonic ancestry]
  4379 | D:5      | Reached XP level 7. HP: 30/55 MP: 10/10
  4473 | D:5      | Reached **** piety under Cheibriados
  4480 | D:5      | Reached skill level 5 in Fighting
  4480 | D:5      | Reached skill level 5 in Invocations
  4703 | D:5      | Noticed Sigmund
  4715 | D:5      | Killed Sigmund
  4784 | D:6      | Reached skill level 6 in Invocations
  4784 | D:6      | Gained mutation: When seriously injured, your blood forms
                  | armour. (AC +6) [demonic ancestry]
  4784 | D:6      | Reached XP level 8. HP: 63/63 MP: 12/12
  5384 | D:6      | Reached skill level 7 in Invocations
  6030 | D:7      | Reached skill level 8 in Invocations
  6030 | D:7      | Gained mutation: You are mostly covered in sharp spines.
                  | [demonic ancestry]
  6030 | D:7      | Reached XP level 9. HP: 69/72 MP: 13/15
  6050 | D:7      | Found a staircase to the Ecumenical Temple.
  6891 | D:8      | Reached ***** piety under Cheibriados
  6970 | D:8      | Found a staircase to the Lair.
  7047 | D:8      | Noticed Maurice
  7051 | D:8      | Maurice stole an amulet of magic regeneration
  7055 | D:8      | Maurice stole 202 gold
  7063 | D:8      | Killed Maurice
  7267 | D:8      | Reached skill level 9 in Invocations
  7327 | D:8      | Noticed a brown ugly thing
  7336 | D:8      | Killed a brown ugly thing
  7521 | D:8      | Noticed a white ugly thing
  7531 | D:8      | Killed a white ugly thing
  7731 | D:8      | Noticed a white ugly thing
  7741 | D:8      | Killed a white ugly thing
  7742 | D:8      | Reached skill level 10 in Invocations
  7742 | D:8      | Reached XP level 10. HP: 82/82 MP: 17/17
  7748 | D:8      | Noticed a centaur warrior
  7750 | D:8      | Killed a centaur warrior
  7880 | D:8      | Noticed a centaur warrior
  7891 | D:8      | Killed a centaur warrior
  7892 | D:8      | Reached skill level 11 in Invocations
  7945 | D:8      | Noticed a cane toad
  7976 | D:8      | Killed a cane toad
  8509 | D:9      | Found Wad Juutt's Distillery.
  8685 | D:9      | Bought a potion of heal wounds for 75 gold pieces
  8685 | D:9      | Bought a potion of heal wounds for 75 gold pieces
  8685 | D:9      | Bought a potion of mutation for 120 gold pieces
  8685 | D:9      | Bought a potion of might for 60 gold pieces
  9061 | D:9      | Noticed a two-headed ogre
  9071 | D:9      | Killed a two-headed ogre
  9072 | D:9      | Reached skill level 10 in Fighting
  9072 | D:9      | Reached skill level 12 in Invocations
  9237 | D:9      | Found a runed translucent door.
  9237 | D:9      | Noticed Ivernyr's ghost (novice FoFi)
  9283 | D:9      | Killed Ivernyr's ghost
  9284 | D:9      | Reached skill level 10 in Short Blades
  9284 | D:9      | Reached XP level 11. HP: 68/90 MP: 15/20
  9569 | D:9      | Found Unkih's Tiny Tomes.
  9617 | D:9      | Reached skill level 13 in Invocations
  9817 | D:10     | Entered Level 10 of the Dungeon
 10040 | D:10     | Found a staircase to the Orcish Mines.
 10100 | D:10     | Found a basalt altar of Yredelemnul.
 10102 | D:10     | Noticed a profane servitor
 10121 | D:10     | Noticed an angel
 10189 | D:10     | Reached skill level 1 in Stealth
 10250 | D:10     | Noticed a two-headed ogre
 10262 | D:10     | Killed a two-headed ogre
 10394 | D:10     | Reached skill level 14 in Invocations
 10938 | D:11     | Gained mutation: Spells you cast may paralyse nearby
                  | enemies. [demonic ancestry]
 10938 | D:11     | Reached XP level 12. HP: 97/97 MP: 22/22
 11003 | D:11     | Noticed a death knight
 11005 | D:11     | You fall into a shaft and drop 2 floors!
 11010 | D:13     | Noticed a centaur warrior
 11017 | D:13     | Killed a centaur warrior
 11088 | D:12     | Noticed Sonja
 11094 | D:12     | Killed Sonja
 11095 | D:12     | Reached skill level 5 in Stealth
 11206 | D:12     | Identified the +0 ring mail of the Taurataur {SInv}
 11627 | D:11     | Killed a death knight
 11628 | D:11     | Reached skill level 15 in Invocations
 11903 | D:11     | Identified the +10 morningstar of Wu Jian's Grace {protect,
                  | Fly SInv}
 12163 | D:11     | Noticed a sphinx
 12167 | D:11     | Killed a sphinx
 12409 | D:11     | Identified the +3 morningstar of Rimusoru {freeze, Will++}
 12829 | D:11     | Noticed a storm dragon
 12843 | D:11     | Killed from afar by a storm dragon

Illustrated notes

Levels and vault maps discovered:
D:1:      amcnicky_arrival_wind_blow, layout_basic,
          hellmonk_ecumenical_altar_watching_god, minmay_misc_feat_doors,
          minmay_misc_feat_chi
D:2:      layout_basic
D:3:      wad_river_or_something, layout_rooms
D:4:      layout_gridville, portal_sewer_entry_b
D:5:      layout_rooms, uniq_sigmund, uniq_menkaure
D:6:      layout_cave_pools, nicolae_figureground_pulse
D:7:      layout_cave_pods, minmay_temple_entry_hall
D:8:      layout_loops_cross, lair_entry_dummy, minmay_evil_grid, uniq_maurice
D:9:      layout_roguey, serial_shops, shop, hellmonk_ghost_happy_afterlife,
          nicolae_shop_i_like_small_books_too, abandoned_shop,
          nicolae_water_bricks, feat_on_display
D:10:     argonaut_augean_stables, layout_gridville,
          grunt_temple_overflow_holy_war, minmay_orc_entry_temple_small,
          grunt_livestock, hangedman_decor_opposing, hangedman_decor_push,
          blue_anna_alchemist
D:11:     minmay_chopped_fan, layout_basic
D:12:     minmay_the_grid_octo_tiled_octocenter_mashed
          [minmay_the_grid_octo_pinwheel, minmay_the_grid_octo_odd_swirl,
          minmay_the_grid_octo_tetromino_candy, minmay_the_grid_octo_teeth,
          minmay_the_grid_octo_prize_single_spiral,
          minmay_the_grid_square_5x5_sharp_hourglass,
          minmay_the_grid_square_5x5_tri_point,
          minmay_the_grid_square_5x5_checkered_statues,
          minmay_the_grid_square_5x5_detours], layout_basic, uniq_sonja
D:13:     layout_basic, david_vaults_4, gammafunk_ghost_icy

Skill      XL: |  1  2  3  4  5  6  7  8  9 10 11 12 |
---------------+-------------------------------------+-----
Short Blades   | 3 4 5 6 7 8 10 11 | 11.9
Fighting       | 3 4 5 7 8 10 | 10.0
Invocations    | 1 2 4 6 8 10 12 14 15 | 15.3
Stealth        | 4 6 |  6.0
Dodging        | 3 4 |  4.7
Throwing       | |  1.7

Action                     |  1- 3 |  4- 6 |  7- 9 | 10-12 || total
---------------------------+-------+-------+-------+-------++-------
  Melee: Rapier            |   139 |   225 |   201 |   356 ||   921
         Punch             |     2 |     2 |     3 |     5 ||    12
         Touch             |       |    10 |    42 |    90 ||   142
 Invoke: Slouch            |       |       |       |     9 ||     9
  Evoke: Wand              |       |     9 |       |     6 ||    15
    Use: Scroll            |       |    10 |     2 |     2 ||    14
         Potion            |       |     6 |     1 |     2 ||     9
   Stab: Sleeping          |     4 |     1 |     4 |     7 ||    16
         Paralysed         |       |     2 |       |       ||     2
         Distracted        |       |       |       |     1 ||     1
 Armour: Leather armour    |    85 |    34 |       |       ||   119
         Ring mail         |       |   106 |   110 |   172 ||   388
  Dodge: Dodged            |   143 |   185 |    87 |   246 ||   661
  Block: Other             |       |       |    20 |    65 ||    85
         Reflection        |       |       |       |     4 ||     4

Table legend: (Time is in decaauts)
 A = Elapsed time spent in this place.
 B = Non-inter-level travel time spent in this place.
 C = Inter-level travel time spent in this place.
 D = Time resting spent in this place.
 E = Time spent auto-exploring this place.
 F = Levels seen in this place.
 G = Mean time per level.
                   A        B        C        D        E       F      G
               +--------+--------+--------+--------+--------+-----+--------+
         Total |  17088 |  16460 |    628 |   2617 |  11270 |  14 | 1220.6 |
       Dungeon |  16607 |  15979 |    628 |   2306 |  11270 |  13 | 1277.5 |
         Sewer |    480 |    480 |      0 |    311 |      0 |   1 |  480.0 |
               +--------+--------+--------+--------+--------+-----+--------+

Top non-repeatable levels by time:
    D:11: 2180 daAuts
     D:8: 2152 daAuts
     D:9: 1886 daAuts
     D:7: 1779 daAuts
    D:10: 1320 daAuts
     D:4: 1285 daAuts
     D:2: 1261 daAuts
     D:3: 1176 daAuts
     D:1: 1099 daAuts
     D:6: 1088 daAuts
     D:5: 706 daAuts
    D:12: 571 daAuts
   Sewer: 480 daAuts
    D:13: 100 daAuts
